cohdb
Replays
Latest Replays
All Replays
Popular Replays
Top Player Replays
Match Explorer
How It Works
Community
CoH3 Stats
Reddit
Sign in to upload your games and track your stats! →
Sign in with Steam
Match 32598788
Unlisted
Match 32598788
Overview
Messages
Build Orders
End
Kettenkrad Recon Vehicle
Construct Infanterie Kompanie
Selects Breakthrough Battlegroup
Selects Assault Grenadiers
Grenadier Squad
Grenadier Squad
Grenadier Squad
Grenadier Squad
Infanterie Officer Quarters
Construct Panzergrenadier Kompanie
Selects Smoke Bombing Run
Selects Mechanized Assault Group
Pak 40 Anti-tank Gun Team
Smoke Bombing Run
Mechanized Assault Group
Smoke Bombing Run
Construct Panzer Kompanie
Panzer IV Medium Tank
Smoke Bombing Run
Selects Rapid Production
Selects Blitzkrieg
Smoke Bombing Run
Selects Tiger Heavy Tank
Tiger Heavy Tank
Blitzkrieg
Pak 40 Anti-tank Gun Team
Pak 40 Anti-tank Gun Team
Pak 40 Anti-tank Gun Team
Tiger Heavy Tank
MaXiS
_
0
0
Comments
sign in to comment!
No comments posted yet!